[Event "*** SCC Grand Prix: Titled Tuesday Blitz"]
[Site "Chess.com"]
[Date "2020.07.21"]
[Round "7"]
[White "Fortitudine"]
[Black "czasnaszachy"]
[Result "1/2-1/2"]
[WhiteElo "2276"]
[BlackElo "2241"]
[TimeControl "180+1"]
[EndTime "11:19:16 PDT"]
[Termination "Game drawn by repetition"]

1. d4 d5 2. Nc3 Nf6 3. Bg5 Bf5 4. e3 e6 5. Bd3 Bxd3 6. Qxd3 Bd6 7. e4 dxe4 8. Nxe4 Be7 9. Bxf6 Bxf6 10. Nf3 O-O 11. O-O Nd7 12. Rad1 Qe7 13. Rfe1 Rfd8 14. Qb3 Nb6 15.
c3 a5 16. Nc5 a4 17. Qb5 Ra7 18. Ne5 Rda8 19. Ned7 Ra5 20. Nxf6+ Qxf6 21. Qe2 a3 22. b3 R5a7 23. c4 Rd8 24. Qe5 Qxe5 25. dxe5 Raa8 26. Nxb7 Rxd1 27. Rxd1 g6 28. f4 Rb8 29. Rd8+ Rxd8 30.
Nxd8 Nd7 31. Nc6 Nc5 32. Na5 Nd3 33. g3 Nc1 34. b4 Nxa2 35. b5 Nb4 36. Nb3 Nc2 37. c5 a2 38. b6 cxb6 39. cxb6 Nb4 40. b7 Nc6 41. Kf2 Kf8 42. Ke2 Ke8 43. Kd3 Kd8 44.
Kc3 Kc7 45. b8=Q+ Kxb8 46. Kb2 Kc7 47. Kxa2 Ne7 48. Kb2 Nf5 49. Kc3 Kd7 50. Kd3 h5 51. Ke4 Ke7 52. Nd4 Kf8 53. Nxf5 gxf5+ 54. Kd4 Ke7 55. Kc5 Kd7 56. Kb6 Kd8 57. Kc6 Ke7 58. Kc7 Ke8 59. Kd6 Kd8 60. Kc6 Ke7 61. Kc7 Ke8 62. h3 Ke7 63. Kc6 Ke8 64. Kc5 Ke7 65. Kd4 Kf8 66. Ke3 Kg7 67. Kd4 Kf8 68. Ke3 Kg7 69.
Kf3 Kg6 70. Ke3 Kg7 1/2-1/2

[Event "*** SCC Grand Prix: Titled Tuesday Blitz"]
[Site "Chess.com"]
[Date "2020.07.21"]
[Round "7"]
[White "Denmark2015"]
[Black "PotapovaM"]
[Result "0-1"]
[WhiteElo "2613"]
[BlackElo "2485"]
[TimeControl "180+1"]
[EndTime "11:19:21 PDT"]
[Termination "PotapovaM won by resignation"]

1. d4 Nf6 2. c4 e6 3. Nc3 Bb4 4. a3 Bxc3+ 5. bxc3 b6 6. f3 Bb7 7. e4 Nxe4 8. fxe4 Qh4+ 9. Kd2 Bxe4 10. Nf3 Qh6+ 11.
Ke1 Qg6 12. Ne5 Qf6 13. Qg4 Bf5 14. Qf3 c6 15. Bd3 O-O 16. Bxf5 exf5 17. h4 Re8 18. Kf2 d6 19. Nd3 Nd7 20. Bf4 Qe6 21. Nb2 Nf6 22. Rhe1 Ne4+ 23. Kg1 Qf6 24. g3 h6 25. h5 Re7 26. Re3 Rae8 27. Rae1 Nd2 28. Qg2 Ne4 29. Nd3 Nxc3 30. Rxe7 Rxe7 31. Rxe7 Qxe7 32.
Qxc6 Kh7 33. Qf3 Ne2+ 34. Kf2 Nxd4 35. Qe3 Qf6 36. Kg2 Ne6 37. Bxd6 Qc3 38. Be5 Qc2+ 39. Nf2 Qxc4 40. Bb2 Qc2 41. Qc3 Qe2 42. Bc1 f4 43.
Qd3+ Qxd3 44. Nxd3 fxg3 45. Kxg3 Nd4 46. Be3 Nc2 47.
Bc1 g6 48. hxg6+ fxg6 49. Nb4 Nd4 50. Nd5 Ne2+ 51. Kf3 Nxc1 52. Nc7 Nb3 53. Nb5 a6 54. Nc7 Nc5 55. Nd5 b5 56. Nc3 g5 57. Kg4 Kg6 58. Kf3 h5 59. Nd5 g4+ 60. Kf4 Nd3+ 61. Ke3 Ne5 62. Nc7 Nc4+ 63. Kd4 Nxa3 64. Nxa6 h4 65. Ke3 Kg5 66. Kf2 g3+ 67. Kf3 Nc2 68. Nc5 Nd4+ 69. Kg2 Kg4 70. Nd3 h3+ 71. Kg1 Nf3+ 72. Kf1 g2+ 73.
Ke2 g1=Q 74. Nf2+ Kh5 75. Kxf3 Qg2+ 76. Ke3 Qxf2+ 77. Kxf2 b4 78. Kg3 b3 79. Kxh3 b2 80. Kg3 b1=Q 0-1

[Event "*** SCC Grand Prix: Titled Tuesday Blitz"]
[Site "Chess.com"]
[Date "2020.07.21"]
[Round "7"]
[White "lider34"]
[Black "vladgoncharov"]
[Result "0-1"]
[WhiteElo "2212"]
[BlackElo "2388"]
[TimeControl "180+1"]
[EndTime "11:19:25 PDT"]
[Termination "vladgoncharov won by checkmate"]

1. e4 e6 2. d4 d5 3. exd5 exd5 4. Nf3 Nc6 5. Bd3 Bd6 6. O-O Nge7 7. h3 h6 8. c3 O-O 9. Re1 Bf5 10. Bxf5 Nxf5 11. Qd3 Qd7 12. Nbd2 a6 13. Nf1 Rfe8 14. Bd2 Nfe7 15.
Re2 Ng6 16. Rae1 Rxe2 17. Rxe2 Re8 18. Rxe8+ Qxe8 19. Qe3 Qxe3 20. Bxe3 Na5 21. b3 b5 22. g3 b4 23. Bd2 bxc3 24. Bxc3 Nc6 25. Ne3 Nce7 26. Kf1 f6 27. Ke2 Kf7 28. Nd2 Ke6 29. Kd3 Nf8 30. b4 Kd7 31. a3 c6 32. Nb3 Ne6 33. Nd2 Ng5 34. h4 Ne6 35. Nf3 h5 36.
Bb2 g5 37. Bc1 g4 38. Ne1 f5 39. N1g2 f4 40. Nf1 fxg3 41. Nxg3 Bxg3 42. fxg3 Nf5 43.
Nf4 Nxg3 44. Ng6 Ne4 45. Ne5+ Kc7 46. Ng6 g3 47. Be3 Kb6 48. a4 g2 49. Ne5 Nf4+ 50.
Kc2 Nh3 51. Nf3 a5 52. Kb3 axb4 53. Kxb4 Nf6 54. Bg1 Ng4 55. a5+ Kc7 56. Ka4 Nf4 57. Kb4 Ne2 58. Kc5 Nxg1 59. Nxg1 Nf6 60. a6 Nd7+ 61.
Kb4 Kb6 62. Nf3 Kxa6 63. Ng1 Kb6 64. Nf3 Nf6 65. Ng1 Ng4 66. Nf3 Ne3 67. Ng1 Nf5 68.
Nf3 Nxh4 69. Ng1 Ng6 70. Nh3 Nf4 71. Ng1 h4 72. Nf3 h3 73. Ng1 h2 74. Nf3 h1=Q 75. Nh2 Qxh2 76. Kc3 g1=Q 77. Kb4 Qe1+ 78. Ka4 Qa1+ 79.
Kb3 Qhb2# 0-1

[Event "*** SCC Grand Prix: Titled Tuesday Blitz"]
[Site "Chess.com"]
[Date "2020.07.21"]
[Round "7"]
[White "RenarddesSurfaces"]
[Black "chessplayer9919"]
[Result "0-1"]
[WhiteElo "2405"]
[BlackElo "2620"]
[TimeControl "180+1"]
[EndTime "11:19:37 PDT"]
[Termination "chessplayer9919 won by resignation"]

1. e4 c6 2. c4 d5 3. exd5 cxd5 4. cxd5 Nf6 5. Qa4+ Nbd7 6. Nc3 g6 7. Nf3 Bg7 8. Bc4 O-O 9. d3 Nc5 10. Qd1 a6 11. a4 Bg4 12. h3 Bxf3 13. Qxf3 Rc8 14.
O-O Nfd7 15. Bf4 Qb6 16. Qe2 Nb3 17. Rab1 Rfe8 18. Rfe1 Nd4 19. Qd2 e5 20. dxe6 Nxe6 21. Bh6 Ne5 22. Bxg7 Nxg7 23. b3 Nf5 24. Nd5 Qd6 25.
Qg5 Kg7 26. Re4 b5 27. axb5 axb5 28. Rbe1 bxc4 29. dxc4 h6 30. Qf4 f6 31. g4 Nh4 32.
R1e3 Nef3+ 33. Rxf3 Nxf3+ 34. Qxf3 Rxe4 35. Qxe4 Ra8 36. b4 Ra1+ 37. Kg2 Ra7 38. c5 Qe5 39. Qxe5 fxe5 40. b5 Kf7 41. b6 Ra5 42. c6 Rxd5 43. b7 Rb5 44. c7 Rxb7 45. c8=Q Re7 46. Qc4+ Kf6 47. h4 h5 48. g5+ Kg7 49. Qc6 Rf7 50. Qe6 Rf5 51. Qe7+ Kg8 52. Kg3 Kh8 53. Kg2 Kg8 54.
Kf1 Kh8 55. Ke2 Kg8 56. Ke3 Kh8 57. Ke4 Kg8 58. Qxe5 Rxf2 59. Qe8+ Kg7 60. Qe7+ Rf7 61. Qe5+ Kg8 62. Kd5 Rf8 63. Qe6+ Kg7 64. Ke5 Rf7 65. Qd6 Rf8 66. Qd7+ Rf7 67. Qh3 Rf8 68. Qc3 Kg8 69. Ke6 Rf7 70. Qc8+ Rf8 71. Qe8 Rxe8+ 72. Kf6 Rb8 73. Kxg6 Rb6+ 74. Kxh5 Kg7 75. Kg4 Rb4+ 76. Kh5 Ra4 77. g6 Ra5+ 0-1

[Event "*** SCC Grand Prix: Titled Tuesday Blitz"]
[Site "Chess.com"]
[Date "2020.07.21"]
[Round "7"]
[White "ItsCheckM8Mate"]
[Black "ljuks68"]
[Result "0-1"]
[WhiteElo "2300"]
[BlackElo "2445"]
[TimeControl "180+1"]
[EndTime "11:19:42 PDT"]
[Termination "ljuks68 won on time"]

1. e4 e6 2. d4 d5 3. Nc3 Bb4 4. exd5 exd5 5. Bd3 Nf6 6. Bg5 O-O 7. Ne2 Bg4 8. O-O c6 9. Qd2 Nbd7 10. f3 Bh5 11.
Nf4 Bg6 12. Nxg6 hxg6 13. Qf4 Bxc3 14. bxc3 Qa5 15. c4 dxc4 16. Bxc4 Nd5 17. Qg3 Qc3 18.
Bb3 Qxd4+ 19. Kh1 N7b6 20. Rad1 Qc5 21. Qh4 Rfe8 22. Rfe1 a5 23. a4 Nc3 24. Rxe8+ Rxe8 25. Rd8 Rxd8 26. Bxd8 Nbd5 27. Qe1 Qd4 28. Bxa5 b6 29. Bxc3 Nxc3 30. h3 Qd1 31. Qxd1 Nxd1 32. Kg1 Kf8 33.
Kf1 Nc3 34. Ke1 f6 35. Kd2 Nb1+ 36. Ke3 Ke7 37. h4 g5 38. hxg5 fxg5 39. Ke4 Kf6 40. Ke3 Ke5 41. g3 Nc3 42. Bf7 Nxa4 43. Be8 Kd6 44. Ke4 Nc3+ 45. Kf5 Ne2 46. g4 Nd4+ 47. Kxg5 Nxc2 48. f4 b5 49. f5 b4 50. f6 gxf6+ 51. Kxf6 b3 52. Bg6 c5 53. g5 c4 54. Bf5 Nd4 55.
g6 Nxf5 56. g7 b2 57. g8=Q b1=Q 58. Qd8+ Kc5 59. Qc7+ Kd5 60. Qf7+ Kd4 61. Qd7+ Kc3 62. Qa4 Nd4 63. Qa3+ Qb3 64. Qa1+ Kd3 65. Qf1+ Kc2 66.
Qf2+ Kb1 67. Qxd4 c3 68. Qd3+ c2 69. Qf5 Ka1 0-1

[Event "*** SCC Grand Prix: Titled Tuesday Blitz"]
[Site "Chess.com"]
[Date "2020.07.21"]
[Round "7"]
[White "DariaVoit"]
[Black "Spartakus1975"]
[Result "1-0"]
[WhiteElo "2525"]
[BlackElo "2632"]
[TimeControl "180+1"]
[EndTime "11:19:44 PDT"]
[Termination "DariaVoit won on time"]

1. d4 d5 2. Nf3 Nf6 3. c4 c6 4. e3 Bf5 5. Nc3 e6 6. Nh4 Be4 7. f3 Bg6 8. Qb3 Qb6 9. Bd2 Be7 10.
Nxg6 hxg6 11. g3 Nbd7 12. Kf2 g5 13. Rc1 g4 14. f4 Qxb3 15. axb3 a6 16. Be2 Rd8 17. Kg2 g6 18. Na4 Kf8 19. Ba5 Rc8 20. Nb6 Nxb6 21. Bxb6 Kg7 22. Ba5 Bd6 23. c5 Bc7 24.
Ra1 Bxa5 25. Rxa5 Kf8 26. Ra4 Ke7 27. Rb4 Rc7 28. Ra1 Rg8 29. Rf1 Kd8 30. Ra4 Kc8 31. Rb4 Rh8 32. Ra4 Rd7 33. Raa1 Rh7 34. Rh1 Rd8 35. Raf1 Rdh8 36. Re1 Kc7 37. Ra1 Rh6 38. Raf1 Ne4 39. Bxg4 Nd2 40. Rd1 Nxb3 41. Rd3 Na5 42. h4 Nc4 43. b3 Na3 44. Ra1 Nb5 45. Be2 f6 46. b4 Kd7 47. Rb3 Nc7 48. Rh1 Ke7 49.
Rb2 e5 50. fxe5 fxe5 51. Bg4 e4 52. Rf2 Rf8 53. Rhf1 Rxf2+ 54. Rxf2 Rh8 55. Kh3 Ne8 56. Bc8 Ng7 57. Bxb7 Nf5 58. Bxc6 Ke6 59. Re2 g5 60. Bb7 gxh4 61. g4 Ng3 62. Rf2 Rb8 63. c6 Kd6 64.
Kxh4 Nh1 65. Rf1 Rh8+ 66. Kg5 Ng3 67. Rf6+ Kc7 68. Rf7+ Kb6 69. Kg6 Rg8+ 70. Kf6 Rxg4 71. Ke6 Rg6+ 72. Kxd5 Ne2 73. Kxe4 Nc3+ 74. Kd3 Nd5 75.
e4 Nxb4+ 76. Kc4 a5 77. d5 Rg1 78. Bc8 Rc1+ 79. Kd4 Rd1+ 80. Ke5 a4 81. Rb7+ Kc5 82. Rb8 Nd3+ 83. Ke6 Nf4+ 84. Kd7 1-0

[Event "*** SCC Grand Prix: Titled Tuesday Blitz"]
[Site "Chess.com"]
[Date "2020.07.21"]
[Round "7"]
[White "Zenzo"]
[Black "ENajer77"]
[Result "1/2-1/2"]
[WhiteElo "2556"]
[BlackElo "2688"]
[TimeControl "180+1"]
[EndTime "11:19:46 PDT"]
[Termination "Game drawn by repetition"]

1. e4 c6 2. d4 d5 3. Nc3 dxe4 4. Nxe4 Bf5 5. Ng3 Bg6 6. Bc4 Nf6 7. N1e2 e6 8. h4 h6 9. Nf4 Bh7 10. O-O Bd6 11. Bb3 O-O 12. Re1 Nd5 13. Qg4 Nxf4 14. Bxf4 Bxf4 15. Qxf4 Nd7 16. Nh5 Bg6 17. Ng3 a5 18. c3 a4 19. Bd1 a3 20. b3 Nf6 21.
Rc1 Nd5 22. Qg4 Qf6 23. h5 Bh7 24. Bc2 Bxc2 25. Rxc2 Qf4 26. Qxf4 Nxf4 27. Re4 Nd5 28. c4 Nb4 29. Rd2 Rfd8 30. Ne2 Rd7 31. Nc3 Rad8 32.
Nb1 c5 33. Nxa3 Rxd4 34. Rexd4 Rxd4 35. Rxd4 cxd4 36. Nb5 d3 37. Nc3 d2 38. Kf1 Nxa2 39.
Nd1 Nc1 40. b4 Kf8 41. f3 Ke7 42. Kf2 Nd3+ 43. Ke3 Nxb4 44. Kxd2 Nc6 45. Kc3 Kd6 46. Nf2 f5 47. Nd3 e5 48. g4 e4 49. fxe4 fxg4 50.
Kd2 Ne5 51. Nb2 g6 52. hxg6 Nxg6 53. Ke3 h5 54. Nd3 Ne5 55. c5+ Ke6 56. Nf4+ Kf6 57.
Nxh5+ Kg5 58. Ng7 g3 59. Ne6+ Kg4 60. Nd4 Kh3 61. Ne2 Kg4 62. Kd4 Nc6+ 63. Kd5 g2 64. e5 Kf3 65. Ng1+ Kf2 66. Nh3+ Kg3 67. Ng1 Kf4 68. e6 Kf5 69. Kd6 Kf6 70. Nh3 Nd4 71. e7 Nf5+ 72. Kc7 Nxe7 73. Kxb7 Ke6 74. c6 Kd6 75. c7 Kd7 76. Ng1 Nc8 77. Nh3 Nd6+ 78. Kb8 Nc8 79. Ng1 Ne7 80. Nh3 Nc6+ 81. Kb7 Na5+ 82.
Kb8 Nc6+ 83. Kb7 Ne7 84. Ng1 Kd6 85. c8=Q Nxc8 86. Kxc8 Ke5 87. Kd7 Kf4 88. Ke6 Kg3 89.
Kf5 Kf2 90. Nh3+ Kg3 91. Ng1 Kf2 92. Nh3+ Kg3 93. Ng1 1/2-1/2

[Event "*** SCC Grand Prix: Titled Tuesday Blitz"]
[Site "Chess.com"]
[Date "2020.07.21"]
[Round "7"]
[White "VerdeNotte"]
[Black "Rodalquilar"]
[Result "1-0"]
[WhiteElo "2851"]
[BlackElo "2659"]
[TimeControl "180+1"]
[EndTime "11:19:50 PDT"]
[Termination "VerdeNotte won on time"]

1. e4 Nf6 2. e5 Nd5 3. c4 Nb6 4. d4 d6 5. f4 dxe5 6. fxe5 c5 7. d5 g6 8. Bf4 Bg7 9. Qd2 O-O 10. Nc3 e6 11.
O-O-O exd5 12. cxd5 Bg4 13. Be2 Bxe2 14. Qxe2 Na6 15.
Nf3 c4 16. Bg5 Qc8 17. e6 Nc5 18. Be7 Nd3+ 19. Kb1 Re8 20. exf7+ Kxf7 21. d6 Bxc3 22. bxc3 Nd5 23. Rxd3 cxd3 24. Qxd3 Qf5 25. Ng5+ Kg8 26. Qxf5 gxf5 27. Re1 Nxe7 28. d7 h6 29. dxe8=Q+ Rxe8 30. Nf3 Kf8 31. Nd4 Rc8 32. Kc2 Nd5 33. Nxf5 Rxc3+ 34. Kb2 Rd3 35. Re2 h5 36. Rf2 Ke8 37. Kc2 Rc3+ 38.
Kd2 Ra3 39. Ke1 Nb4 40. Re2+ Kd8 41. Ng7 Nd3+ 42. Kf1 Nf4 43. Rd2+ Kc7 44. g3 Nd3 45. Nxh5 Nb4 46. Nf4 Nxa2 47. h4 Nc3 48. Kg2 Ne4 49. Rd3 Ra2+ 50. Kf3 Nd2+ 51. Kg4 Nc4 52. Rc3 b5 53. h5 Kb6 54. h6 Rh2 55. Nh5 Ne5+ 56.
Kg5 Nf7+ 57. Kg6 Nxh6 58. Kxh6 b4 59. Rf3 a5 60. g4 a4 61. g5 b3 62. g6 Rg2 63.
Ng3 Rh2+ 64. Kg5 b2 65. g7 b1=Q 66. g8=Q Qb5+ 67. Rf5 Qb3 68. Qb8+ Kc6 69. Qc8+ Kd6 70. Rf6+ Kd5 71. Qe6+ Kd4 72. Ne2+ Rxe2 73. Qxe2 Qg3+ 74. Kf5 Qh3+ 75. Kg6 Qg3+ 76. Kf7 Qc7+ 77. Kg6 Qg3+ 78. Kh7 Qh4+ 79. Kg7 Qg5+ 80. Rg6 Qd5 81. Rg4+ Kc5 82. Qc2+ Kb5 83. Qxa4+ Kb6 84. Rb4+ Kc7 85. Qa7+ Kd6 86.
Rd4 1-0

[Event "*** SCC Grand Prix: Titled Tuesday Blitz"]
[Site "Chess.com"]
[Date "2020.07.21"]
[Round "7"]
[White "BabyBoss31"]
[Black "kleopl"]
[Result "0-1"]
[WhiteElo "2206"]
[BlackElo "2430"]
[TimeControl "180+1"]
[EndTime "11:19:57 PDT"]
[Termination "kleopl won by resignation"]

1. d4 Nf6 2. Bf4 d5 3. e3 c5 4. c3 Nc6 5. Nd2 cxd4 6. exd4 Qb6 7. Qb3 Qxb3 8. axb3 Bf5 9. Ngf3 e6 10. b4 Be7 11.
b5 Nd8 12. Nb3 Nh5 13. Bc7 Kd7 14. Bg3 f6 15. Be2 Nxg3 16. hxg3 Nf7 17. Nh4 Be4 18. Nd2 g5 19. Nhf3 Bg6 20. b4 Rhc8 21. Ra3 Nd6 22. Nb3 b6 23. Nbd2 Rc7 24. O-O Rac8 25. Rfa1 Rxc3 26.
Rxa7+ R3c7 27. Nb3 Ne4 28. R7a6 Rb7 29. Nc5+ bxc5 30.
bxc5 Nxc5 31. dxc5 Rxc5 32. Nd4 e5 33. Nc6 Bd6 34. Na5 Rbxb5 35. Bxb5+ Rxb5 36. Ra7+ Ke6 37. Nb7 Bc5 38. R7a6+ Kf7 39. Nxc5 Rxc5 40. Ra7+ Ke6 41. R1a6+ Kf5 42. Ra1 g4 43. Rd1 d4 44. Rd7 Ke4 45. Ra7 Rc4 46. Ra3 Kd5 47. Ra5+ Rc5 48. Ra3 e4 49. Ra4 Rc4 50. Ra5+ Ke6 51. Ra6+ Kd5 52.
Ra5+ Rc5 53. Ra4 d3 54. Kf1 Rc4 55. Ra5+ Kd4 56. Ra8 Bf5 57. Ke1 Kc3 58. Rc1+ Kd4 59. Rxc4+ Kxc4 60. Kd2 Kd4 61. Ra4+ Ke5 62. Ra5+ Ke6 63.
Ra6+ Ke5 64. Ra5+ Ke6 65. Ra6+ Ke5 66. Ra7 Bg6 67. Ra6 f5 68. Ra5+ Ke6 69. Ra6+ Ke5 70. Ra5+ Kf6 71. Ra6+ Kg5 72. Ra5 h5 73. Ke3 h4 74.
gxh4+ Kxh4 75. Rd5 Kg5 76. Rc5 g3 77. fxg3 Kg4 78.
Rc6 Bh5 79. Rc8 Kxg3 80. Rg8+ Bg4 81. Rf8 Kxg2 82. Rf6 Kg3 83. Rf8 Kg2 84. Rf6 Kf1 85. Rf8 Ke1 86. Rd8 Bf3 87. Rd4 f4+ 88. Kxf4 d2 89. Ke3 d1=Q 90. Rxd1+ Kxd1 0-1

[Event "*** SCC Grand Prix: Titled Tuesday Blitz"]
[Site "Chess.com"]
[Date "2020.07.21"]
[Round "7"]
[White "Haapana"]
[Black "yuliagok"]
[Result "1-0"]
[WhiteElo "2331"]
[BlackElo "2100"]
[TimeControl "180+1"]
[EndTime "11:19:57 PDT"]
[Termination "Haapana won by checkmate"]

1. d4 Nf6 2. c4 e6 3. Nf3 b6 4. g3 Bb7 5. Bg2 c6 6. O-O d5 7.
Bf4 Be7 8. Ne5 Nfd7 9. Nd2 O-O 10. Nd3 Na6 11. Rc1 Rc8 12. h4 c5 13. cxd5 exd5 14.
Nf3 Nb4 15. Nxb4 cxb4 16. Qa4 a5 17. Ne5 Nxe5 18. Bxe5 Bf6 19. Rxc8 Bxc8 20. Qc6 Bxe5 21. dxe5 Bg4 22. Bxd5 Bxe2 23. Re1 Bg4 24. e6 fxe6 25.
Bxe6+ Bxe6 26. Qxe6+ Kh8 27. Qe7 Qxe7 28. Rxe7 h6 29.
Re6 Rb8 30. Kf1 Kg8 31. Ke2 Kf7 32. Rc6 b5 33. Ke3 Re8+ 34. Kf3 Rd8 35. Rc2 a4 36. Re2 a3 37. b3 Rc8 38. Re4 Rc3+ 39. Kg2 Rc2 40.
Rxb4 Rxa2 41. Rxb5 Rb2 42. b4 a2 43. Ra5 g5 44.
hxg5 hxg5 45. Kf3 g4+ 46. Kxg4 Rxf2 47. b5 Rb2 48. Kh4 Rb4+ 49. g4 Ke6 50. Rxa2 Rxb5 51. Rf2 Rb1 52. g5 Rh1+ 53. Kg4 Rg1+ 54. Kh5 Rh1+ 55. Kg6 Ke7 56. Kg7 Ke8 57. g6 Ra1 58.
Rf8+ Ke7 59. Rf7+ Ke8 60. Kg8 Rg1 61. g7 Rh1 62. Rf5 Ke7 63. Re5+ Kf6 64. Re8 Rg1 65. Rf8+ Ke7 66. Rf4 Rg5 67. Rh4 Rg1 68. Kh7 Kf7 69.
Rf4+ Ke7 70. g8=Q Rxg8 71. Kxg8 Ke6 72. Kg7 Ke5 73. Rf6 Kd5 74. Kg6 Ke5 75. Kg5 Kd5 76.
Kf4 Kd4 77. Rd6+ Kc5 78. Ke5 Kc4 79. Rd5 Kb4 80. Kd4 Kb3 81. Rc5 Kb4 82. Rc3 Ka4 83.
Kc5 Ka5 84. Ra3# 1-0

[Event "*** SCC Grand Prix: Titled Tuesday Blitz"]
[Site "Chess.com"]
[Date "2020.07.21"]
[Round "7"]
[White "Alopekos"]
[Black "FMJoseHerrera"]
[Result "1-0"]
[WhiteElo "2376"]
[BlackElo "2488"]
[TimeControl "180+1"]
[EndTime "11:20:16 PDT"]
[Termination "Alopekos won on time"]

1. e4 c5 2. Nc3 e6 3. Nf3 a6 4. d4 cxd4 5. Nxd4 Qc7 6. Bd3 b5 7. O-O Bb7 8. Re1 Be7 9. e5 b4 10. Na4 Nc6 11. Nf3 Nh6 12. Be4 Nf5 13. Bxf5 exf5 14. Be3 O-O 15. Nb6 Rab8 16. Qxd7 Bd8 17. Qxc7 Bxc7 18. Nd7 Rfd8 19. Nxb8 Rxb8 20. Rad1 Nd8 21.
Rd7 Bxf3 22. Rxc7 Ne6 23. Ra7 Be4 24. c4 bxc3 25. bxc3 Bd3 26. Rd1 Be2 27. Re1 Bc4 28. f4 h5 29. Rd7 Rb2 30. Rd2 Rb7 31. Kf2 Kh7 32. Red1 Kg6 33. Rd7 Rb2+ 34. R7d2 Rb5 35. g3 a5 36. h3 a4 37. Rd6 a3 38. R6d2 Rb7 39. Rc1 Rc7 40. Rg1 Rb7 41. Rc1 h4 42.
gxh4 Kh5 43. Kg3 g6 44. Bf2 Rc7 45. Kf3 Rb7 46. Ke3 Nc5 47. Rd4 Be6 48. Ra1 Ne4 49. Rxe4 fxe4 50. Kxe4 Rb2 51. Bc5 Bxa2 52. Bxa3 Rh2 53.
Be7 Be6 54. Kd4 Rxh3 55. Rc1 Rf3 56. Bg5 Rf2 57. c4 Rd2+ 58. Kc5 Kg4 59. Kb6 Rb2+ 60. Kc7 Kf5 61. c5 Ke4 62. c6 Kd5 63. Kd8 Rb8+ 64. Kc7 Rc8+ 65. Kb7 Ke4 66. c7 Re8 67. Rd1 Bc8+ 68. Kc6 Re6+ 69. Rd6 Kf5 70. Kc5 Bb7 71. Rd8 Rc6+ 72. Kb5 Rxc7 73. Rd6 Bc8 74. Kb6 Rb7+ 75. Kc6 Ra7 76. Kb6 Rb7+ 77. Kc6 Ra7 78. Rd8 Be6 79. Kd6 Ra2 80. Ke7 Rh2 81. Kf8 Ra2 82.
Kg7 Ra7 83. Rd6 Rb7 84. Bf6 Kxf4 85. Rd4+ Kf5 86. Ra4 Rb3 87. Rd4 Rh3 88. Rb4 Rg3 89. Rd4 Re3 90. Rb4 Rd3 91. Ra4 Rb3 92. Rd4 Rb5 93.
Ra4 Rxe5 94. Bxe5 Kxe5 95. Ra1 Kf5 96. Ra4 Bd5 97. Ra5 Ke4 98. Rxd5 1-0

[Event "*** SCC Grand Prix: Titled Tuesday Blitz"]
[Site "Chess.com"]
[Date "2020.07.21"]
[Round "7"]
[White "Shuvalov"]
[Black "FloMaster111"]
[Result "0-1"]
[WhiteElo "2482"]
[BlackElo "2284"]
[TimeControl "180+1"]
[EndTime "11:20:38 PDT"]
[Termination "FloMaster111 won by resignation"]

1. e4 c6 2. d4 d5 3. exd5 cxd5 4. c4 Nf6 5. Nc3 e6 6. Nf3 Be7 7. cxd5 Nxd5 8. Bd3 O-O 9. O-O Nc6 10. Re1 Nxc3 11. bxc3 b6 12. Bc2 Bb7 13. Qd3 g6 14. Bh6 Re8 15.
Rad1 Rc8 16. a4 Qd5 17. Qe3 Qh5 18. Bg5 Na5 19. Bxe7 Rxe7 20. Ne5 Nc4 21. Qg3 Nxe5 22. Rxe5 Qh6 23. Bb3 Rec7 24. c4 Ba6 25. c5 bxc5 26. dxc5 Rxc5 27. Rxc5 Rxc5 28. Rd8+ Kg7 29. h4 Qc1+ 30.
Kh2 Qc3 31. Qd6 Qe5+ 32. Qxe5+ Rxe5 33. Rd7 Re4 34. Rxa7 Bc4 35. Bxc4 Rxc4 36. g3 Kf6 37.
Kg2 h5 38. a5 Ra4 39. Kf3 e5 40.
Ke3 Ke6 41. Kd3 f5 42. Ra6+ Kf7 43. Ra8 Ra2 44. Ke3 Ra3+ 45. Ke2 Ra2+ 46. Ke3 Ra3+ 47. Kd2 Ra2+ 48. Ke1 Ra1+ 49. Ke2 Ra2+ 50. Kf1 Ra1+ 51. Kg2 Ra2 52. a6 Kf6 53. a7 Kg7 54. Kf3 Ra3+ 55.
Ke2 e4 56. Kd2 Ra2+ 57. Kc3 Ra1 58. Kb2 Ra5 59. Kb3 Ra1 60. Kb4 Rb1+ 61. Kc5 Rc1+ 62. Kd6 Rd1+ 63. Ke6 Ra1 64. Ke5 Ra2 65. Kd5 Ra5+ 66.
Kc6 Ra1 67. Kb5 Rb1+ 68. Kc5 Rc1+ 69. Kd4 Rd1+ 70. Ke5 Ra1 71. Kf4 Ra3 72. Kg5 Ra6 73.
Rb8 Rxa7 74. Rb6 Ra2 75. Rxg6+ Kh7 76. Rh6+ Kg7 77. Rg6+ Kh7 78. Re6 Rxf2 79. Re7+ Kg8 80. Kxh5 Kf8 81. Re5 Kf7 82. Kg5 Rg2 83. Rxf5+ Ke6 84.
Rf6+ Ke5 85. Rf5+ Ke6 86. Kf4 Rf2+ 87. Kxe4 Rxf5 88. g4 Rf8 89. h5 Kf6 90. Kf4 Ra8 91. g5+ Kg7 92. Kf5 Ra5+ 93. Kg4 Kf7 94. Kf4 Ke6 95. Kg4 Ra4+ 96. Kg3 Kf5 97. h6 Rg4+ 98.
Kh3 Rxg5 99. h7 Rh5+ 100. Kg3 Rxh7 0-1

[Event "*** SCC Grand Prix: Titled Tuesday Blitz"]
[Site "Chess.com"]
[Date "2020.07.21"]
[Round "7"]
[White "Giraffe_Chess"]
[Black "KaspMagAlpha"]
[Result "0-1"]
[WhiteElo "2376"]
[BlackElo "2234"]
[TimeControl "180+1"]
[EndTime "11:22:19 PDT"]
[Termination "KaspMagAlpha won on time"]

1. d4 Nf6 2. c4 e6 3. Nf3 Bb4+ 4. Nc3 O-O 5. g3 c5 6. Bg2 cxd4 7. Nxd4 a6 8. O-O Nc6 9. Nc2 Be7 10. e4 d6 11.
h3 Ne5 12. b3 Qc7 13. Bb2 Bd7 14.
f4 Ng6 15. Qd2 Bc6 16. Rad1 Rad8 17. Kh2 Rd7 18. Nd4 Rfd8 19. Rc1 Qb8 20. a4 Bf8 21. Qe3 h6 22. Rfd1 Qa7 23. Rd3 Qb6 24. Rcd1 Ne8 25. Ba3 Ne7 26. R1d2 Qc7 27. b4 b6 28. Qe2 Ba8 29.
Re3 Rc8 30. Bf1 Nc6 31. Nxc6 Qxc6 32. b5 Qb7 33. bxa6 Qxa6 34. Qd1 Qb7 35. Nb5 Qc6 36. Bb2 Bb7 37. Qb3 Ba6 38. Qc3 Bxb5 39. axb5 Qb7 40. Qd3 Rdc7 41. Qd4 Rc5 42. Ba3 R5c7 43. Bb4 Rd7 44. Ra3 Rcd8 45. Rda2 Qc8 46. Bd3 Rc7 47. Qe3 Qd7 48. Rd2 d5 49. exd5 Bxb4 50. Raa2 Bxd2 51. Rxd2 exd5 52. cxd5 Qe7 53. Qd4 Qd6 54. Qe4 Rcd7 55. Re2 Nf6 56. Qf5 Re7 57. Rd2 Qxd5 58. Qxd5 Rxd5 59.
Rc2 Re8 60. Rc6 Rdd8 61. h4 Re3 62. Bf5 Ng4+ 63. Bxg4 f5 64. Bxf5 Kf8 65. Bg6 Rd2+ 66.
Kh3 Rd8 67. Rxb6 Rb3 68. Rc6 Kg8 69. Re6 Rxb5 70. Re8+ Rxe8 71. Bxe8 Rb4 72. Bd7 Kf8 73. Be6 Ke7 74. f5 Kf6 75. g4 g6 76. Bd7 gxf5 77.
Bxf5 h5 78. Kg3 hxg4 79. Bxg4 Rb3+ 80. Kf4 Rb4+ 81. Kg3 Rc4 82. Bf3 Rd4 83. h5 Kg5 84. Kf2 Rd3 85. Be2 Rc3 86. Ke1 Ra3 87. Kd2 Ra5 88.
Bd1 Kh6 89. Kc2 Rc5+ 90. Kd3 Rg5 91. Ke3 Rg1 92. Be2 Rh1 93. Bf3 Rh3 94. Kf4 Rh2 95.
Kg3 Rb2 96. Kf4 Rb8 97. Ke4 Rd8 98. Kf4 Rf8+ 99. Kg3 Rg8+ 100. Kf4 Rd8 101. Kg3 Rd2 102. Kf4 Rb2 103. Ke3 Rb4 104. Kf2 Kg5 105. Ke3 Rb3+ 106. Kf2 Kf4 107. Be2 Rb2 108. h6 Rb6 109. h7 Rh6 110. Bd3 Rh2+ 111. Kg1 Rh6 112. Kf2 Rh2+ 113. Kg1 Rh6 114. Kg2 Ke3 115. Bf5 Kf4 116. Bb1 Kg5 117. Kg3 Kf6 118. Kg4 Kg7 119. Kg5 Rb6 120. Bf5 Rb4 121. Kh5 Kh8 122. Kg5 Rb5 123. Kf6 Rb6+ 124. Ke5 Rb5+ 125. Kf6 Ra5 126. Kg6 Ra6+ 127. Kf7 Ra7+ 128. Kf6 Ra6+ 129. Kg5 Rd6 130. Kf4 Kg7 131. Ke5 Rb6 132. h8=Q+ Kxh8 133. Be6 Kg7 134. Bd5 Kf8 135. Kd4 Ke7 136. Kc5 Rf6 137. Bc6 Kd8 138. Kd5 Kc7 139. Bb5 Rf5+ 140. Kc4 Kb6 141. Bd7 Rf4+ 142. Kd5 Rf6 143. Ke5 Rh6 144. Be6 Kc5 145. Kf5 Kd6 146. Bb3 Rh5+ 147. Kg4 Rb5 148. Bc2 Rc5 149. Bd3 Ke5 150. Kf3 Rc3 151. Ke2 Ra3 152. Kd2 Kd4 153. Bc2 Rh3 154. Bf5 Rh2+ 155. Kc1 Kc3 156. Kb1 Rf2 0-1

[Event "*** SCC Grand Prix: Titled Tuesday Blitz"]
[Site "Chess.com"]
[Date "2020.07.21"]
[Round "8"]
[White "Karina_Ivanova"]
[Black "ichangedmyname_yup"]
[Result "0-1"]
[WhiteElo "2173"]
[BlackElo "2333"]
[TimeControl "180+1"]
[EndTime "11:30:30 PDT"]
[Termination "ichangedmyname_yup won by resignation"]

1. d4 Nf6 2. Nf3 e6 3. g3 Be7 4. Bg2 O-O 5. c4 d5 6. Nbd2 c6 7. O-O b6 8. b3 Bb7 9. Bb2 Nbd7 10. Qc2 Rc8 11. e4 c5 12. exd5 exd5 13. dxc5 Bxc5 14. Rad1 Qc7 15. cxd5 Bxf2+ 16. Rxf2 Qxc2 0-1

[Event "*** SCC Grand Prix: Titled Tuesday Blitz"]
[Site "Chess.com"]
[Date "2020.07.21"]
[Round "8"]
[White "crazychessbr"]
[Black "Jojo_1608"]
[Result "1-0"]
[WhiteElo "2131"]
[BlackElo "2234"]
[TimeControl "180+1"]
[EndTime "11:30:38 PDT"]
[Termination "crazychessbr won by resignation"]

1. e4 c5 2. d3 g6 3. g3 Bg7 4. Bg2 b6 5. f4 Bb7 6. Nf3 d6 7.
O-O Nd7 8. c3 e6 9. Na3 Ne7 10.
Nc2 O-O 11. Be3 f5 12. Ng5 Rf6 13. e5 Bxg2 14. exf6 Bxf1 15. fxg7 Bxd3 16. Qxd3 1-0

[Event "*** SCC Grand Prix: Titled Tuesday Blitz"]
[Site "Chess.com"]
[Date "2020.07.21"]
[Round "8"]
[White "TigrVShlyape"]
[Black "Sibelephant"]
[Result "1/2-1/2"]
[WhiteElo "2870"]
[BlackElo "3096"]
[TimeControl "180+1"]
[EndTime "11:30:49 PDT"]
[Termination "Game drawn by agreement"]

1. d4 d5 2. Nf3 Bf5 3. Bf4 e6 4. e3 Bd6 5. Bxd6 cxd6 6. c4 Nf6 7. Nc3 dxc4 8. Bxc4 O-O 9. O-O Bg4 10. Be2 Qb6 11. Qb3 Qxb3 12. axb3 Nc6 13. Rfc1 Rfc8 14. h3 Bxf3 15. Bxf3 d5 16. Be2 Kf8 17. Kf1 Ke7 18.
Ke1 1/2-1/2

[Event "*** SCC Grand Prix: Titled Tuesday Blitz"]
[Site "Chess.com"]
[Date "2020.07.21"]
[Round "8"]
[White "dodorox"]
[Black "Alindsay211"]
[Result "1-0"]
[WhiteElo "2155"]
[BlackElo "2272"]
[TimeControl "180+1"]
[EndTime "11:31:38 PDT"]
[Termination "dodorox won by resignation"]

1. d4 e6 2. c4 d5 3. Nc3 Nf6 4. Bg5 Be7 5. Qc2 b6 6. cxd5 exd5 7. e3 O-O 8. Nf3 Bb7 9. Bd3 Nbd7 10. O-O c5 11. Ne5 h6 12. Bf4 Rc8 13. Rac1 Nh5 14.
Nxd7 Qxd7 15. Bh7+ Kh8 16. Bf5 Qc7 17. Bxc7 1-0